 Dungeon Crawl Stone Soup version 0.28-a0-500-g121bc3e445 (webtiles) character file.

Game seed: 4786370141727346124

416 speeev33 the Skirmisher (level 6, -3/53 HPs)
             Began as a Gnoll Wanderer on Sept 19, 2021.
             Slain by a gnoll shaman (10 damage)
             ... on level 5 of the Dungeon.
             The game lasted 00:07:12 (4718 turns).

speeev33 the Skirmisher (Gnoll Wanderer)            Turns: 4718, Time: 00:07:13

Health: -3/53      AC: 12    Str: 15    XL:     6   Next: 92%
Magic:  11/11      EV:  9    Int: 12    God:
Gold:   157        SH:  0    Dex:  9    Spells: 11/12 levels left

rFire   . . .      SeeInvis .   a - +1 spear
rCold   . . .      Faith    .   (no shield)
rNeg    . . .      Spirit   .   b - +2 scale mail
rPois   .          Reflect  .   (no helmet)
rElec   .          Harm     .   e - +0 cloak
rCorr   .          Rampage  .   (no gloves)
Will    .....                   i - +1 pair of boots
Stlth   +.........              (no amulet)
HPRegen 0.17/turn               (no ring)
MPRegen 0.12/turn               (no ring)

@: no status effects
A: fangs 1, strong nose, distributed training
a: no special abilities


You were on level 5 of the Dungeon.
You visited 1 branch of the dungeon, and saw 5 of its levels.
You also visited: Sewer.

You collected 157 gold pieces.

Inventory:

Hand Weapons
 a - a +1 spear (weapon)
Missiles
 c - 17 sling bullets
 h - 10 boomerangs
 j - 3 javelins
Armour
 b - a +2 scale mail (worn)
 e - a +0 cloak (worn)
 i - a +1 pair of boots (worn)
Jewellery
 q - a ring of ice
 r - a ring of positive energy
Scrolls
 p - a scroll of enchant armour
Potions
 d - a potion of berserk rage {unknown}
 f - a potion of brilliance {unknown}
 g - 2 potions of magic {unknown}
 k - 2 potions of degeneration
 l - a potion of curing
 m - 2 potions of flight {unknown}
 n - 3 potions of haste {unknown}
 o - 2 potions of invisibility {unknown}


   Skills:
 + Level 6.9 Fighting
 + Level 2.1 Short Blades
 + Level 2.1 Long Blades
 + Level 3.4 Axes
 + Level 2.1 Maces & Flails
 + Level 2.1 Polearms
 + Level 2.1 Staves
 + Level 2.1 Slings
 + Level 2.1 Bows
 + Level 2.1 Crossbows
 + Level 3.4 Throwing
 + Level 3.4 Armour
 + Level 2.1 Dodging
 + Level 3.2 Stealth
 + Level 2.1 Shields
 + Level 2.1 Unarmed Combat
 + Level 3.5 Spellcasting
 + Level 1.7 Conjurations
 + Level 1.7 Hexes
 + Level 1.7 Summonings
 + Level 1.7 Necromancy
 + Level 4.2 Translocations
 + Level 1.7 Transmutations
 + Level 1.7 Fire Magic
 + Level 1.7 Ice Magic
 + Level 1.7 Air Magic
 + Level 1.7 Earth Magic
 + Level 1.7 Poison Magic
 + Level 2.4 Invocations
 + Level 2.1 Evocations


You had 11 spell levels left.
You knew the following spells:

 Your Spells              Type           Power      Damage    Failure   Level
a - Apportation           Tloc           24%        N/A       16%         1

Your spell library contained the following spells:

 Spells                   Type           Power      Damage    Failure   Level
 Blink                    Tloc           N/A        N/A       22%         2
 Gell's Gravitas          Tloc           6%         N/A       41%         3
 Lesser Beckoning         Tloc           12%        N/A       41%         3
 Corpse Rot               Necr/Air       N/A        N/A       54%         2
 Poisonous Vapours        Pois/Air       12%        N/A       54%         2
 Searing Ray              Conj           12%        2d4       54%         2
 Static Discharge         Conj/Air       6%         N/A       54%         2
 Manifold Assault         Tloc           12%        N/A       99%         5


Dungeon Overview and Level Annotations

Branches:
Dungeon (5/15)              Sewer (visited)
 Temple: D:4-7

Altars:
Trog

Shops:
D:3 (


Innate Abilities, Weirdness & Mutations

You have very sharp teeth.
Your uncanny sense of smell can sniff out nearby items.
Your experience applies equally to all skills.


Message History

The gnoll closely misses you. The gnoll hits you with a +0 flail.
You hit the gnoll.
The gnoll is moderately wounded.
The gnoll hits you with a +0 flail!
* * * LOW HITPOINT WARNING * * *
You hit the gnoll. You bite the gnoll.
The gnoll is heavily wounded.
The gnoll barely misses you.
You hit the gnoll shaman but do no damage.
You bite the gnoll shaman, but do no damage.
You closely miss the gnoll shaman. Your punch misses the gnoll shaman.
The gnoll shaman calls upon its god to heal the gnoll.
The gnoll is healed somewhat.
You closely miss the gnoll shaman. The gnoll shaman misses you.
You barely miss the gnoll shaman.
The gnoll shaman calls upon its god to heal the gnoll.
The gnoll's wounds heal themselves!
You hit the gnoll shaman but do no damage.
The gnoll is no longer moving quickly.
The gnoll shaman hits you with a +0 club.
* * * LOW HITPOINT WARNING * * *
You hit the gnoll shaman.
The gnoll shaman is lightly wounded.
The gnoll shaman hits you with a +0 club.
* * * LOW HITPOINT WARNING * * *
You hit the gnoll shaman.
The gnoll shaman is moderately wounded.
The gnoll shaman closely misses you.
You hit the gnoll shaman but do no damage.
The gnoll shaman is moderately wounded.
The gnoll shaman calls upon its god to speed up the gnoll.
The gnoll seems to speed up.
You hit the gnoll shaman. Your bite misses the gnoll shaman.
The gnoll shaman is heavily wounded.
The gnoll shaman hits you with a +0 club.
* * * LOW HITPOINT WARNING * * *
You feel better.
The gnoll shaman hits you with a +0 club!
You die...

###.###### #.....#
#####.# #.#
#####################.#
.....................>#
#######.###############
#.# #@# #g# #g#
#g######## #........#
#........# #........#
#........# #........#


You could see a gnoll shaman and 2 gnolls.

Vanquished Creatures
  A centaur (D:4)
  A water moccasin skeleton (D:4)
  A bullfrog skeleton (D:4)
  2 orc wizards (D:4)
  A gnoll (D:1)
  8 adders
  An ufetubus (D:4)
  A worm (D:2)
  3 dart slugs
  4 orcs (D:4)
  8 ball pythons
  8 bats
  7 endoplasms
  3 giant cockroaches
  3 goblins (D:1)
  8 hobgoblins
  5 jackals (Sewer)
  14 kobolds
  10 quokkas
  10 frilled lizards
  9 rats
108 creatures vanquished.

Vanquished Creatures (others)
  7 plants (Sewer)
7 creatures vanquished.

Grand Total: 115 creatures vanquished

Notes
Turn   | Place    | Note
-------+----------+-------------------------------------------
     0 | D:1      | speeev33 the Gnoll Wanderer began the quest for the Orb.
     0 | D:1      | speeev33 set off with the following items: a +0 club, a +2
                  | scale mail; and the following spell memorised: Apportation;
                  | and the following spells available to memorise: Gell's
                  | Gravitas, Searing Ray, Static Discharge
     0 | D:1      | Reached XP level 1. HP: 23/23 MP: 4/4
    82 | D:1      | Reached XP level 2. HP: 21/29 MP: 5/5
   386 | D:1      | Reached XP level 3. HP: 35/35 MP: 7/7
   428 | D:1      | Found a faded altar of an unknown god.
   620 | D:1      | Reached skill level 1 in Invocations
   881 | D:2      | Reached skill level 1 in Short Blades
   881 | D:2      | Reached skill level 1 in Long Blades
   881 | D:2      | Reached skill level 1 in Maces & Flails
   881 | D:2      | Reached skill level 1 in Polearms
   881 | D:2      | Reached skill level 1 in Staves
   881 | D:2      | Reached skill level 1 in Slings
   881 | D:2      | Reached skill level 1 in Bows
   881 | D:2      | Reached skill level 1 in Crossbows
   881 | D:2      | Reached skill level 1 in Dodging
   881 | D:2      | Reached skill level 1 in Shields
   881 | D:2      | Reached skill level 1 in Unarmed Combat
   881 | D:2      | Reached skill level 1 in Evocations
  1253 | D:2      | Reached XP level 4. HP: 41/41 MP: 8/8
  1577 | D:2      | Reached skill level 1 in Conjurations
  1577 | D:2      | Reached skill level 1 in Hexes
  1577 | D:2      | Reached skill level 1 in Summonings
  1577 | D:2      | Reached skill level 1 in Necromancy
  1577 | D:2      | Reached skill level 1 in Transmutations
  1577 | D:2      | Reached skill level 1 in Fire Magic
  1577 | D:2      | Reached skill level 1 in Ice Magic
  1577 | D:2      | Reached skill level 1 in Air Magic
  1577 | D:2      | Reached skill level 1 in Earth Magic
  1577 | D:2      | Reached skill level 1 in Poison Magic
  1911 | D:3      | Found Utza's Antique Weapon Boutique.
  2020 | D:3      | Reached XP level 5. HP: 44/47 MP: 9/9
  2135 | D:3      | You fall into a shaft and drop 1 floor!
  2165 | D:3      | Found a glowing drain.
  2186 | Sewer    | Entered a sewer
  3314 | D:3      | Found a bloodstained altar of Trog.
  3631 | D:4      | Reached XP level 6. HP: 46/53 MP: 10/10
  4639 | D:5      | Entered Level 5 of the Dungeon
  4717 | D:5      | HP: 2/53 [gnoll shaman (4)]
  4718 | D:5      | Slain by a gnoll shaman

Illustrated notes

Levels and vault maps discovered:
D:1:      amcnicky_arrival_feature_with_door, layout_rooms,
          chequers_ecumenical_altar_island
D:2:      layout_loops_cross, serial_bayou_crossing
D:3:      layout_basic, lemuel_coloured_pillars_altar, portal_sewer_entry_f,
          serial_shops, nicolae_shop_behind_doors, solitary_fountain
D:4:      layout_rooms
D:5:      layout_basic, uniq_prince_ribbit1

Skill      XL: |  1  2  3  4  5  6 |
---------------+-------------------+-----
Invocations    | 1 2 |  2.4
Short Blades   | 1 2 |  2.1
Long Blades    | 1 2 |  2.1
Maces & Flails | 1 2 |  2.1
Polearms       | 1 2 |  2.1
Staves         | 1 2 |  2.1
Slings         | 1 2 |  2.1
Bows           | 1 2 |  2.1
Crossbows      | 1 2 |  2.1
Dodging        | 1 2 |  2.1
Shields        | 1 2 |  2.1
Unarmed Combat | 1 2 |  2.1
Evocations     | 1 2 |  2.1
Spellcasting   | 3 |  3.5
Conjurations   | 1 |  1.7
Hexes          | 1 |  1.7
Summonings     | 1 |  1.7
Necromancy     | 1 |  1.7
Transmutations | 1 |  1.7
Fire Magic     | 1 |  1.7
Ice Magic      | 1 |  1.7
Air Magic      | 1 |  1.7
Earth Magic    | 1 |  1.7
Poison Magic   | 1 |  1.7
Axes           | 3 |  3.4
Throwing       | 3 |  3.4
Armour         | 3 |  3.4
Translocations | 4 |  4.2
Stealth        | 3 |  3.2
Fighting       | |  6.9

Action                   |  1- 3 |  4- 6 || total
-------------------------+-------+-------++-------
Melee: Club              |    15 |       ||    15
       Spear             |   104 |   480 ||   584
       Dagger            |    12 |       ||    12
       Bite              |     4 |    38 ||    42
       Punch             |       |     1 ||     1
  Use: Scroll            |     1 |     6 ||     7
       Potion            |       |     1 ||     1
Armor: Scale mail        |    61 |   332 ||   393
Dodge: Dodged            |    69 |   251 ||   320

Table legend: (Time is in decaauts)
 A = Elapsed time spent in this place.
 B = Non-inter-level travel time spent in this place.
 C = Inter-level travel time spent in this place.
 D = Time resting spent in this place.
 E = Time spent auto-exploring this place.
 F = Levels seen in this place.
 G = Mean time per level.
                   A        B        C        D        E       F      G
               +--------+--------+--------+--------+--------+-----+--------+
         Total |   4879 |   4820 |     59 |    734 |   2921 |   6 |  813.2 |
       Dungeon |   3746 |   3687 |     59 |    522 |   2273 |   5 |  749.2 |
         Sewer |   1132 |   1132 |      0 |    212 |    647 |   1 | 1132.0 |
               +--------+--------+--------+--------+--------+-----+--------+

Top non-repeatable levels by time:
   Sewer: 1132 daAuts
     D:4: 1085 daAuts
     D:2: 950 daAuts
     D:1: 838 daAuts
     D:3: 793 daAuts
     D:5: 78 daAuts
